 Dungeon Crawl Stone Soup version 0.18.1-50-g88ac8fd (webtiles) character file.

431053 Moofe the Imperceptible (level 22, -9/139 HPs)
             Began as a Spriggan Enchanter on Oct 18, 2016.
             Mangled by a war axe of chopping (16 damage)
             ... on level 2 of the Elven Halls on Oct 20, 2016.
             The game lasted 12:43:24 (65991 turns).

Moofe the Imperceptible (Spriggan Enchanter)       Turns: 65991, Time: 12:43:28

Health: -9/139     AC:  5    Str: 10    XL:     22   Next: 84%
Magic:  39/43      EV: 31    Int: 22    God:    Xom [..*...]
Gold:   2793       SH:  0    Dex: 22    Spells: 16 memorised, 7 levels left

rFire  x . .     SeeInvis +     (weapon currently unavailable)
rCold  + + +     Gourm    .     (armour currently unavailable)
rNeg   + . .     Faith    .     (shield currently unavailable)
rPois  +         Spirit   .     (helmet unavailable)
rElec  +         Dismiss  .     (cloak currently unavailable)
rCorr  .         Reflect  .     (gloves unavailable)
SustAt .         Harm     .     (boots unavailable)
MR     ++++.     Rnd*Rage +     y - amulet "Tunkut" {+Inv Regen+ Int+3}
Stlth  +++++++++.               b - ring of the Lizard {Fragile rElec rN+ Str+2}
                                n - ring "Pulephe" {rPois rC+ Str+2 Slay+5}

@: about to teleport, ice-form, studying Shields, repel missiles, incredibly
resistant to hostile enchantments, incredibly stealthy
A: unfitting armour, (horns 0), (icy blue scales 0), (large bone plates 0), see
invisible, berserk 1, (cold resistance 0), (fire resistance 0), herbivore 3,
(speed 0), magic resistance 1, sense surroundings 1, (shaggy fur 0), slow
metabolism 2, evolution 1, no device heal 1
a: Renounce Religion, Evoke Invisibility
}: 2/15 runes: decaying, gossamer


You were on level 2 of the Elven Halls.
You worshipped Xom.
You were a toy of Xom.
You were not hungry.
You were a creature of crystalline ice.
You visited 10 branches of the dungeon, and saw 46 of its levels.
You visited the Abyss 1 time.
You also visited: Sewer, Ice Cave and Wizlab.

You collected 6104 gold pieces.
You spent 3311 gold pieces at shops.

Inventory:

Hand Weapons
 B - a +5 rapier of piercing
 G - a +9 dagger of electrocution (melded)
Armour
 F - a +2 robe of resistance (melded)
 U - a +1 buckler of protection (melded)
 Y - a +2 cloak (melded)
 Z - a +2 robe of the Archmagi
Rods
 c - a +4 rod of clouds (10/10)
   (You found it on level 3 of the Crypt)
Jewellery
 a - the ring of the Evil One {*Contam rC++ rN+ MP+9 Stlth+}
   (You found it on level 3 of the Crypt)

   [ring of positive energy]

   It greatly protects you from cold.
   It protects you from negative energy.
   It affects your magic capacity (+9).
   It causes magical contamination when unequipped.
   It makes you more stealthy.
 b - the ring of the Lizard (right front paw) {Fragile rElec rN+ Str+2}
   (You found it on level 3 of the Crypt)

   [ring of positive energy]

   It affects your strength (+2).
   It insulates you from electricity.
   It protects you from negative energy.
   It will be destroyed if unequipped.
 g - a +4 ring of evasion
 n - the ring "Pulephe" (left front paw) {rPois rC+ Str+2 Slay+5}
   (You bought it in a shop on level 2 of the Vaults)

   [ring of poison resistance]

   It affects your strength (+2).
   It affects your accuracy and damage with ranged weapons and melee attacks
   (+5).
   It protects you from cold.
   It protects you from poison.
 p - an uncursed ring of resist corrosion
 y - the amulet "Tunkut" (around neck) {+Inv Regen+ Int+3}
   (You found it on level 3 of the Crypt)

   [amulet of regeneration]

   It affects your intelligence (+3).
   It lets you turn invisible.
   It increases your rate of regeneration.
Wands
 h - a wand of paralysis (7/24)
 i - a wand of teleportation (3/9)
 s - a wand of polymorph (10/24)
 x - a wand of lightning (9/15)
 C - a wand of acid (6/15)
 E - a wand of flame (23/48)
 H - a wand of disintegration (0/24)
 N - a wand of heal wounds (3/9)
 T - a wand of digging (9/24)
 V - a wand of slowing (15/48)
Scrolls
 f - 3 scrolls of teleportation
 k - 11 scrolls of remove curse
 q - a scroll of fog
 r - 2 scrolls of magic mapping
 v - a scroll of summoning
 A - 7 scrolls of identify
 Q - 5 scrolls of recharging
 R - 3 scrolls of silence
 X - 4 scrolls of fear
Potions
 e - 19 potions of curing
 j - 10 potions of brilliance
 o - 5 potions of resistance
 u - 4 potions of agility
 z - 3 potions of cancellation
 J - 3 potions of might
 K - 4 potions of haste
 L - 5 potions of magic
Books
 l - a manual of Shields
 I - a book of Debilitation

   Spells                             Type                      Level
   a - Corona                         Hexes                        1
   b - Slow                           Hexes                        2
   c - Gell's Gravitas                Hexes/Translocation          3
   d - Inner Flame                    Hexes/Fire                   3
   e - Cause Fear                     Hexes                        4
   f - Leda's Liquefaction            Hexes/Earth                  4
Miscellaneous
 D - a lamp of fire
 M - an ornate deck of changes
 O - a box of beasts
 P - a phantom mirror
 S - a disc of storms
 W - a fan of gales
Comestibles
 d - 27 bread rations
 m - a fruit
 t - 14 royal jellies


   Skills:
 + Level 12.6 Fighting
 + Level 16.6 Short Blades
 - Level 4.0 Throwing
 * Level 22.6 Dodging
 * Level 24.4 Stealth
 * Level 9.7 Shields
 + Level 16.2 Spellcasting
 + Level 17.4 Hexes
 - Level 7.0 Translocations
 - Level 6.0 Transmutations
 + Level 15.9 Evocations


You had 7 spell levels left.
You knew the following spells:

 Your Spells              Type           Power        Failure   Level  Hunger
a - Corona                Hex            #######      0%          1    None
b - Tukima's Dance        Hex            #######.     0%          3    None
c - Ensorcelled Hibernat  Hex/Ice        ######       1%          2    None
d - Passwall              Trmt/Erth      ####......   1%          2    None
e - Confuse               Hex            #######.     0%          3    None
f - Invisibility          Hex            #######.     1%          6    ####...
g - Dazzling Spray        Conj/Hex       ######       1%          3    None
h - Spider Form           Trmt/Pois      ####......   2%          3    None
i - Apportation           Tloc           #####.....   1%          1    None
j - Blink                 Tloc           N/A          1%          2    None
k - Repel Missiles        Chrm/Air       ###...       6%          2    None
l - Shroud of Golubria    Chrm/Tloc      ####......   1%          2    None
m - Gell's Gravitas       Hex/Tloc       ######....   1%          3    None
n - Teleport Other        Tloc           #####...     1%          3    None
o - Yara's Violent Unrav  Hex/Trmt       ######....   1%          5    ##.....
p - Silence               Hex/Air        ######....   2%          5    ##.....


Dungeon Overview and Level Annotations

Branches:
Dungeon (15/15)            Temple (1/1) D:6            Lair (8/8) D:10
  Swamp (4/4) Lair:4       Spider (4/4) Lair:5        Slime (0/6) Lair:6
    Orc (2/2) D:12            Elf (2/3) Orc:2        Vaults (5/5) D:14
  Crypt (3/3) Vaults:2       Tomb (0/3) Crypt:3      Depths (2/5) D:15

Altars:
Ashenzari
Cheibriados
Dithmenos
Elyvilon
Fedhas
Gozag
Kikubaaqudgha
Makhleb
Nemelex Xobeh
Okawaru
Pakellas
Qazlal
Ru
Sif Muna
Trog
Vehumet
Xom
Yredelemnul
Zin
The Shining One
Beogh

Shops:
D:5 *   D:7 :   Orc:2 (*(?   Vaults:2 =   Vaults:4 (*

Portals:
Hell: Depths:1
Ziggurat: Depths:2
Trove: Vaults:1 (give potion of experience)

Annotations:
Lair:6 exclusion: 4 oklob plants
Depths:1 Norris


Innate Abilities, Weirdness & Mutations

You are tiny and cannot use many weapons and most armour.
You have supernaturally acute eyesight.
You are a herbivore.
((You cover ground extremely quickly.))
You need consume almost no food.
((You have a pair of large horns on your head.))
((You are partially covered in icy blue scales (AC +1).))
((You are partially covered in large bone plates (AC +2, SH +2).))
You tend to lose your temper in combat.
((Your flesh is cold resistant.))
((Your flesh is heat resistant.))
You are resistant to hostile enchantments.
You passively map a small area around you.
((You are covered in fur (AC +1).))
You evolve.
Potions and wands are less effective at restoring your health.


Message History

You are poisoned.
The halberd of freezing closely misses you.
The war axe of chopping hits you!
* * * LOW HITPOINT WARNING * * *
Xom roars with laughter!
You die... "Leave my toy alone!"
Xom revives you!
The double sword of freezing completely misses you.
The deep elf knight gestures wildly while chanting.
The deep elf knight seems to speed up.
Drink which item? (? for menu, Esc to quit)
You feel better.
The halberd of venom closely misses you.
The halberd of freezing hits you from afar!
* * * LOW HITPOINT WARNING * * *
The deep elf knight almost stumbles in trying to escape.
The war axe of chopping hits you!
You die...
Xom roars with laughter!

.......#.*, * #.§...........
.......#. ##§§§.......... , .##
##.§§........... , .. , ..
#.###.e............. ..
.$..##.##(............... *#*
....,..###.................
####...# #.# ##e((..............
#.....# #.# ##((.#.............
#.###.####.###.Y.###...........#
##.#........##...## ##.........##
.(.#.#.####.###...###(..........#
#...)..# #[# ##...#)............
#..))..####.# ##.......).........
....).......###......)...........
.)..........##..)................
.####'####..##...................
.#....)..#..##...................


You could see 2 deep elf knights and 4 dancing weapons.

Vanquished Creatures
  2 ancient liches (Crypt:3)
  Margery (Vaults:2)
  Saint Roka (Vaults:2)
  Jory (Crypt:3)
  Jorgrun (Swamp:4)
  Arachne (Spider:2)
  5 liches
  A deep elf blademaster (Elf:2)
  Asterion (Elf:2)
  Gastronok (Lair:2)
  The ghost of GordonOverkill the Severer, an adept MiBe of Trog (Swamp:4)
  An ancient champion (Crypt:3)
  A death cob (Swamp:2)
  A sphinx (Vaults:1)
  4 thorn hunters
  Kirke (Swamp:4)
  3 tengu reavers
  A storm dragon (Vaults:2)
  A revenant (Crypt:2)
  Maud (D:11)
  5 fire giants
  7 deep elf sorcerers
  Aizul (Elf:2)
  3 frost giants
  Donald (Swamp:3)
  4 emperor scorpions
  3 ghost moths
  7 ironheart preservers
  5 curse skulls
  A ghoul (Crypt:2)
  7 vault wardens
  4 reapers (Crypt:3)
  A war gargoyle (Vaults:4)
  5 stone giants
  2 vampire knights (Crypt:1)
  An apis (Vaults:3)
  A deep elf demonologist (Elf:1)
  A salamander stormcaller (Vaults:3)
  A dire elephant (Vaults:2)
  6 spark wasps
  4 deep elf annihilators
  12 eidola
  Snorg (Lair:5)
  5 deep elf death magi
  A merfolk javelineer (Depths:1)
  2 ettins (Depths:1)
  Josephine (D:11)
  8 vault guards
  7 yaktaur captains
  A mummy priest (Crypt:3)
  3 fire dragons
  A fire dragon (shapeshifter) (Vaults:4)
  5 jiangshi
  3 entropy weavers
  3 great orbs of eyes
  A quicksilver dragon skeleton (Crypt:3)
  2 ice dragons
  The ghost of Schimscham the Blocker, a journeyman GrFi of the Shining One (IceCv)
  23 hydras
  A catoblepas (Lair:6)
  A satyr (Lair:7)
  13 dancing weapons
  3 ghost crabs
  7 centaur warriors
  10 ogre magi
  4 death knights
  3 deep troll shamans (Depths:1)
  6 vampire magi
  An alligator (shapeshifter) (Swamp:1)
  20 death yaks
  11 alligators
  A hell hog (D:14)
  4 deep troll earth magi
  Urug (D:14)
  A queen ant (Vaults:3)
  3 orc high priests (Orc:2)
  4 tengu warriors (D:15)
  2 spriggan berserkers (Swamp:4)
  2 hell knights (Vaults:2)
  A shock serpent (shapeshifter) (Vaults:3)
  6 soul eaters
  16 deep elf knights
  Nergalle (Lair:3)
  5 iron trolls (Depths:1)
  3 shadow wraiths
  13 skeletal warriors
  2 deep trolls (shapeshifter)
  8 death scarabs (Spider:4)
  2 spectral emperor scorpions (Spider:4)
  A fire crab (Vaults:1)
  17 deep trolls
  A sea snake (Vaults:3)
  A ghost moth zombie (Crypt:2)
  An unseen horror (D:10)
  An anaconda zombie (Crypt:3)
  7 swamp dragons
  2 spriggan druids (Swamp:4)
  A giant orange brain (Depths:1)
  11 ironbrand convokers
  6 flayed ghosts
  A shadow dragon zombie (Crypt:3)
  A death drake (shapeshifter) (Vaults:4)
  A tengu zombie (WizLab)
  12 deep elf archers
  A spectral wolf spider (Spider:4)
  2 anaconda skeletons (Crypt:3)
  A sphinx zombie (Vaults:3)
  51 deep elf magi
  16 phantasmal warriors
  24 wolf spiders
  3 harpies (Vaults:4)
  10 orb spiders
  5 hill giants
  15 necromancers
  34 ugly things
  4 wizards
  5 wolf spider zombies
  A mana viper (shapeshifter) (Vaults:3)
  2 stone giant zombies
  2 iron dragon zombies
  5 griffons
  18 orc knights
  8 hornets
  2 frost giant skeletons (Crypt:3)
  2 frost giant zombies (Crypt:3)
  5 cyclopes
  A shining eye (shapeshifter) (D:15)
  A sphinx skeleton (Crypt:1)
  4 orc sorcerers (Orc:2)
  An ice statue (IceCv)
  A manticore (D:14)
  An octopode (shapeshifter) (Vaults:4)
  A shock serpent zombie (Crypt:3)
  2 moths of wrath
  A hell hog skeleton (Crypt:1)
  An apis skeleton (Crypt:2)
  A guardian serpent (shapeshifter) (Depths:1)
  A stone giant skeleton (Crypt:1)
  A guardian serpent (Lair:8)
  A naga mage (Vaults:3)
  A molten gargoyle (Lair:4)
  12 black mambas
  6 vault sentinels
  3 torpor snails
  13 elephants
  A gargoyle (D:10)
  Joseph (Lair:1)
  A spiny frog (shapeshifter) (Vaults:3)
  19 spiny frogs
  2 yaktaurs (shapeshifter)
  4 kobold demonologists
  4 tengu conjurers
  A red draconian zombie (WizLab)
  14 demonic crawlers
  2 spectral redbacks (Spider:4)
  A grey draconian zombie (Crypt:1)
  10 komodo dragons
  8 freezing wraiths
  6 rime drakes
  5 guardian mummies
  A death yak skeleton (Crypt:1)
  A queen bee (Spider:4)
  13 hellwings (Crypt:3)
  36 yaktaurs
  A hydra zombie (Crypt:3)
  A sea snake skeleton (Crypt:2)
  11 trolls
  37 jumping spiders
  A minotaur zombie (Crypt:3)
  A merfolk (Vaults:4)
  23 slime creatures
  Grinder (D:4)
  20 polar bears
  16 two-headed ogres
  The ghost of Timinator the Slasher, an amateur DsCK of Xom (D:4)
  2 jumping spiders (shapeshifter)
  4 spectral jumping spiders (Spider:4)
  3 raiju (Lair:8)
  2 harpy skeletons
  4 spectral tarantellas (Spider:4)
  3 giant leeches
  14 bog bodies
  A jumping spider zombie (Spider:4)
  36 blink frogs
  5 boulder beetles
  A death drake skeleton (Crypt:2)
  A spectral hornet (Spider:4)
  A snapping turtle (Lair:7)
  A fire dragon zombie (Crypt:3)
  An ettin zombie (Crypt:3)
  An ettin skeleton (Crypt:3)
  A tarantella zombie (Spider:4)
  11 flying skulls
  An ice dragon skeleton (Crypt:2)
  A water elemental (Elf:1)
  79 yaks
  A black mamba zombie (Crypt:1)
  4 spriggans
  5 shadows
  74 redbacks
  A yak (shapeshifter) (Vaults:2)
  27 tarantellas
  2 vampires
  13 wraiths
  2 fire dragon skeletons
  8 wyverns
  4 fire bats (D:9)
  A hog (shapeshifter) (D:13)
  A fire elemental (Elf:1)
  2 hungry ghosts
  4 basilisks
  A hippogriff (shapeshifter) (Vaults:2)
  A human (D:14)
  12 vampire mosquitoes
  8 hippogriffs
  A yaktaur simulacrum (Vaults:3)
  12 wargs
  5 human zombies
  3 mottled dragons
  17 swamp worms
  16 water moccasins
  8 hell hounds
  11 porcupines
  A deep troll skeleton (Crypt:1)
  48 orc warriors
  18 swamp drakes
  9 wasps
  14 black bears
  A snapping turtle zombie (Crypt:3)
  2 phantoms
  51 ogres
  7 boggarts
  5 ice beasts
  26 wolves
  A necrophage (D:9)
  12 centaurs
  An elephant skeleton (Crypt:1)
  14 crocodiles
  12 big kobolds
  A big kobold (shapeshifter) (Lair:5)
  An elf zombie (Crypt:3)
  A wyvern zombie (D:10)
  14 giant frogs
  2 earth elementals
  A glowing shapeshifter simulacrum (Vaults:3)
  9 wyvern skeletons
  5 scorpions
  A boulder beetle zombie (WizLab)
  24 killer bees
  A hippogriff skeleton (Crypt:1)
  4 howler monkeys
  13 wights
  An electric eel (Lair:4)
  5 centaur zombies
  5 jellies
  7 crimson imps
  2 giant frog zombies
  2 lava snakes (D:9)
  19 orc priests
  An iron imp (D:9)
  4 giant frog skeletons
  40 orc wizards
  22 hounds
  5 centaur skeletons
  A black bear skeleton (Crypt:2)
  4 hell rats (Lair:6)
  10 iguanas
  Natasha (thrice) (D:4)
  12 sheep
  7 worker ants
  A killer bee zombie (Crypt:1)
  A naga zombie (Crypt:2)
  A hound skeleton (D:8)
  2 worker ant zombies
  Robin (D:4)
  2 howler monkey skeletons
  4 gnolls (D:5)
  25 adders
  55 river rats
  3 shadow imps
  An adder skeleton (Crypt:2)
  9 worms
  2 dart slugs (D:1)
  6 giant geckos
  107 orcs
  8 giant cockroaches
  18 goblins
  11 hobgoblins
  24 jackals
  21 kobolds
  3 quokkas
  7 ball pythons
  9 bats
  A giant cockroach zombie (Crypt:2)
  5 giant newts
  A jackal skeleton (D:7)
  A quokka zombie (D:8)
  13 rats
  A fire vortex (D:9)
  A plant (Lair:8)
  5 withered plants (Crypt:3)
2126 creatures vanquished.

Vanquished Creatures (collateral kills)
  Sojobo (Crypt:3)
  A reaper (Crypt:3)
  7 ironheart preservers
  An ettin (Depths:1)
  5 vault guards
  A death knight (Vaults:3)
  A death yak (Lair:6)
  2 deep elf knights
  2 hell knights (Vaults:2)
  A wizard (Vaults:3)
  2 ironbrand convokers (Vaults:3)
  5 orc knights
  2 hill giants (Vaults:1)
  A shining eye (Spider:1)
  3 deep elf magi
  A griffon (Vaults:2)
  2 orc sorcerers
  A moth of wrath (Spider:4)
  4 vault sentinels
  An efreet (D:15)
  A slime creature (Swamp:4)
  2 jumping spiders
  A two-headed ogre (Vaults:1)
  4 blink frogs (Lair:8)
  A fire dragon skeleton (Crypt:3)
  A tarantella (Spider:4)
  A human (D:14)
  2 wargs (Vaults:1)
  8 orc warriors
  4 ogres
  8 wights
  An orc priest (Vaults:2)
  11 orcs
89 creatures vanquished.

Vanquished Creatures (others)
  A yaktaur captain (Vaults:2)
  An ogre mage (Vaults:4)
  3 death yaks (Lair:6)
  A swamp dragon (Swamp:4)
  An ironbrand convoker (Vaults:3)
  A wolf spider zombie (Crypt:3)
  A stone giant zombie (Crypt:3)
  An elephant (Lair:8)
  A polar bear (IceCv)
  A hydra zombie (Crypt:3)
  A redback (Spider:4)
  24 dancing weapons
  A swamp drake (Swamp:4)
  A crocodile (Lair:7)
  An orc wizard (Orc:2)
  A hell rat (Lair:6)
  A mummy (Crypt:3)
  3 orcs
  A giant newt (Lair:4)
  2 fire vortices (D:9)
  22 fungi
  6 lost souls
  32 plants
  15 withered plants (Crypt:3)
123 creatures vanquished.

Grand Total: 2338 creatures vanquished

Notes
Turn   | Place    | Note
--------------------------------------------------------------
     0 | D:1      | Moofe the Spriggan Enchanter began the quest for the Orb.
     0 | D:1      | Reached XP level 1. HP: 9/9 MP: 5/5
   188 | D:1      | Reached XP level 2. HP: 13/13 MP: 6/6
   425 | D:1      | Reached skill level 5 in Stealth
  1140 | D:1      | Reached XP level 3. HP: 13/16 MP: 8/8
  1262 | D:1      | Learned a level 3 spell: Tukima's Dance
  1265 | D:1      | Learned a level 2 spell: Ensorcelled Hibernation
  1451 | D:2      | Found a sacrificial altar of Ru.
  1770 | D:2      | Reached XP level 4. HP: 21/21 MP: 9/9
  1872 | D:2      | Found a faded altar to an unknown god.
  1888 | D:2      | Found a glowing golden altar of the Shining One.
  1893 | D:2      | Found a deep blue altar of Sif Muna.
  1894 | D:2      | Found a blossoming altar of Fedhas.
  1897 | D:2      | Found a sparkling altar of Nemelex Xobeh.
  1899 | D:2      | Found a shimmering altar of Xom.
  1938 | D:2      | Found an oddly glowing altar of Pakellas.
  2670 | D:3      | Noticed an ogre
  3164 | D:3      | Reached skill level 6 in Stealth
  3259 | D:3      | Reached skill level 1 in Throwing
  3259 | D:3      | Reached XP level 5. HP: 24/24 MP: 3/11
  3345 | D:3      | Killed an ogre
  3576 | D:4      | Found a shattered altar of Ashenzari.
  3775 | D:4      | Noticed Natasha
  3782 | D:4      | Killed Natasha
  3782 | D:4      | Reached skill level 5 in Dodging
  3782 | D:4      | Reached XP level 6. HP: 28/28 MP: 12/12
  3826 | D:4      | Noticed Grinder
  3990 | D:4      | Reached skill level 7 in Stealth
  4187 | D:4      | Gained mutation: You are robust (+10% HP). [potion of mutation]
  4187 | D:4      | Gained mutation: Potions and wands are less effective at restoring your health. [potion of mutation]
  4187 | D:4      | Gained mutation: You are partially covered in icy blue scales (AC +1). [potion of mutation]
  4210 | D:4      | Noticed Natasha
  4549 | D:4      | Noticed Robin
  4614 | D:4      | Killed Robin
  4782 | D:4      | Killed Grinder
  4782 | D:4      | Reached skill level 5 in Hexes
  4782 | D:4      | Reached XP level 7. HP: 27/35 MP: 12/14
  4831 | D:4      | Killed Natasha
  4831 | D:4      | Reached skill level 8 in Stealth
  4834 | D:4      | Noticed Natasha
  4942 | D:4      | Found a basalt altar of Yredelemnul.
  5144 | D:4      | Found a white marble altar of Elyvilon.
  5176 | D:4      | Killed Natasha
  5260 | D:5      | Entered Level 5 of the Dungeon
  5342 | D:4      | Noticed Timinator's ghost (amateur DsCK)
  5627 | D:5      | Got a warped silver ring
  5635 | D:5      | Identified the ring of Wetugred {rPois rF+ MP+9 Int+3} (You found it on level 5 of the Dungeon)
  6048 | D:5      | Found Kitiskergh's General Store.
  6285 | D:5      | Reached skill level 9 in Stealth
  6285 | D:5      | Reached XP level 8. HP: 39/39 MP: 16/16
  6380 | D:5      | Reached skill level 5 in Spellcasting
  6610 | D:5      | Reached skill level 1 in Evocations
  6653 | D:6      | Found a stormy altar of Qazlal.
  7133 | D:6      | Found a staircase to the Ecumenical Temple.
  7478 | D:6      | Found a glowing drain.
  7482 | Sewer    | Entered a sewer
  7816 | Sewer    | Reached skill level 1 in Fighting
  8375 | Temple   | Entered the Ecumenical Temple
  8759 | D:2      | Became a worshipper of Xom of Chaos
  8822 | D:4      | Reached XP level 9. HP: 42/45 MP: 13/18
  8861 | D:4      | XOM: silly message
  8891 | D:4      | XOM: summons 4 hostile demons
  8920 | D:4      | XOM: noise
  8955 | D:4      | Killed Timinator's ghost
  8955 | D:4      | Reached skill level 10 in Stealth
  9101 | D:7      | XOM: polymorph giant frog -> water moccasin
  9171 | D:7      | Reached skill level 5 in Short Blades
  9199 | D:7      | Found Oplos's Book Shoppe.
  9326 | D:7      | XOM: confusion
  9361 | D:7      | XOM: harmless Conj miscast
 10188 | D:8      | XOM: 2-stop teleportation journey
 10196 | D:8      | Reached skill level 5 in Evocations
 10275 | D:8      | Got a pair of transparent boots
 10616 | D:9      | Reached skill level 11 in Stealth
 10616 | D:9      | Reached XP level 10. HP: 51/51 MP: 20/20
 10818 | D:9      | Found a snail-covered altar of Cheibriados.
 10956 | D:9      | XOM: enchant monster (bad)
 10979 | D:9      | Reached skill level 10 in Dodging
 11135 | D:9      | XOM: polymorph big kobold -> wyvern
 11139 | D:9      | XOM: summons 3 hostile demons
 11145 | D:9      | XOM: medium Tloc miscast
 11156 | D:9      | XOM: enchant monster (good)
 11386 | D:9      | XOM: divination: magic mapping
 11512 | D:9      | Noticed a two-headed hydra
 11513 | D:9      | XOM: confuse monster(s)
 11515 | D:9      | Killed a two-headed hydra
 11639 | D:10     | XOM: noise
 11639 | D:10     | Entered Level 10 of the Dungeon
 11639 | D:10     | Noticed an unseen horror
 11641 | D:10     | Killed an unseen horror
 11641 | D:10     | Reached skill level 12 in Stealth
 11645 | D:10     | Reached XP level 11. HP: 57/57 MP: 22/22
 11933 | D:10     | XOM: confuse monster(s)
 11935 | D:10     | Found a staircase to the Lair.
 11975 | D:10     | Learned a level 2 spell: Passwall
 11982 | D:10     | Learned a level 6 spell: Darkness
 11989 | D:10     | Learned a level 6 spell: Invisibility
 12138 | D:10     | XOM: harmless Divn miscast
 12179 | D:10     | Found a white marble altar of Elyvilon.
 12242 | D:10     | XOM: cast spell 'Leda's Liquefaction'
 12404 | D:10     | XOM: scenery: 1 doors open, 1 doors close
 12420 | D:10     | XOM: scenery: 3 doors close
 12568 | D:10     | XOM is BORED!
 12569 | D:10     | Noticed a hill giant
 12570 | D:10     | XOM: scenery: 1 doors close
 12581 | D:10     | Killed a hill giant
 12989 | D:11     | XOM: colour smoke trail
 13042 | D:11     | XOM: vitrification
 13482 | D:11     | XOM: 3-stop teleportation journey
 13532 | D:11     | Noticed Maud
 13545 | D:11     | Killed Maud
 13547 | D:11     | XOM: fake destruction
 13619 | D:11     | XOM: divination: detect items
 13642 | D:11     | XOM: confuse monster(s)
 13680 | D:11     | Noticed Josephine
 13694 | D:11     | Killed Josephine
 13694 | D:11     | Reached skill level 13 in Stealth
 13705 | D:11     | XOM: summons friendly crimson imp
 14016 | D:11     | XOM: vitrification
 14024 | D:11     | Reached XP level 12. HP: 64/64 MP: 21/24
 14050 | D:11     | XOM: god gift: hat {god gift}
 14093 | D:11     | Learned a level 1 spell: Beastly Appendage
 14328 | D:12     | Learned a level 3 spell: Spider Form
 14468 | D:12     | XOM: confusion
 14470 | D:12     | XOM: chaos cloud
 14477 | D:12     | XOM: silly message
 14479 | D:12     | Reached skill level 5 in Fighting
 14517 | D:12     | XOM: harmless Hex miscast
 14621 | D:12     | XOM: harmless Hex miscast
 14648 | D:12     | XOM: silly message
 14714 | D:12     | Learned a level 1 spell: Apportation
 14717 | D:12     | Learned a level 2 spell: Blink
 14838 | D:12     | Reached skill level 1 in Translocations
 14841 | D:12     | XOM: polymorph ice devil -> hellwing
 14906 | D:12     | XOM: silly message
 15016 | D:12     | XOM: summons friendly crimson imp
 15017 | D:12     | XOM: confusion
 15065 | D:12     | XOM: vitrification
 15127 | D:12     | Found a staircase to the Orcish Mines.
 15353 | Lair:1   | Entered Level 1 of the Lair of Beasts
 15363 | Lair:1   | Reached skill level 1 in Transmutations
 15470 | Lair:1   | XOM: 1-stop teleportation journey
 15471 | Lair:1   | Noticed Joseph
 15474 | Lair:1   | Killed Joseph
 15583 | Lair:1   | Reached skill level 14 in Stealth
 15733 | Lair:1   | XOM: god gift: war axe {god gift}
 16447 | Lair:2   | Noticed Gastronok
 16457 | Lair:2   | Killed Gastronok
 16457 | Lair:2   | Reached skill level 10 in Short Blades
 16457 | Lair:2   | Reached skill level 10 in Hexes
 16522 | Lair:2   | Noticed a six-headed hydra
 16530 | Lair:2   | Killed a six-headed hydra
 16699 | Lair:2   | XOM: god gift: potion of magic
 16710 | Lair:2   | XOM: noise
 16731 | Lair:2   | XOM: scenery: create altars
 16749 | Lair:2   | XOM: swap monsters
 16931 | Lair:2   | XOM: god gift: box of beasts
 17037 | Lair:2   | XOM: colour smoke trail
 17254 | Lair:3   | Reached XP level 13. HP: 71/71 MP: 26/26
 17442 | Lair:3   | XOM: harmless Tloc miscast
 17474 | Lair:3   | Found a frozen archway.
 17481 | Lair:3   | Learned a level 2 spell: Repel Missiles
 17499 | IceCv    | Entered an ice cave
 17628 | IceCv    | XOM: god gift: 2 gold pieces
 17969 | IceCv    | XOM: cast spell 'Hydra Form'
 17970 | IceCv    | XOM: confuse monster(s)
 17987 | IceCv    | XOM: summons friendly white imp
 18033 | IceCv    | XOM: confusion
 18054 | IceCv    | XOM: blink monster(s)
 18138 | IceCv    | XOM: confusion
 18205 | IceCv    | XOM: 3-stop teleportation journey
 18304 | IceCv    | XOM: confusion (+ monsters)
 18386 | IceCv    | XOM: divine lightning (protected)
 18459 | IceCv    | Noticed a frost giant
 18459 | IceCv    | XOM: enchant monster (good)
 18489 | IceCv    | XOM: enchant monster (good)
 18498 | IceCv    | Killed a frost giant
 18507 | IceCv    | Identified Sif Muna's Guide on the Ghastly Entourage
 18620 | IceCv    | XOM: 1-stop teleportation journey
 18698 | IceCv    | XOM: give mutations
 18698 | IceCv    | Lost mutation: You are robust (+10% HP). [Xom's mischief]
 18698 | IceCv    | Gained mutation: You are weak. (Str -2) [Xom's mischief]
 18859 | IceCv    | XOM: give mutations
 18859 | IceCv    | Gained mutation: You are frail (-10% HP). [Xom's mischief]
 18859 | IceCv    | Lost mutation: You are frail (-10% HP). [Xom's mischief]
 18859 | IceCv    | Gained mutation: Armour fits poorly on your strangely shaped body. [Xom's mischief]
 18859 | IceCv    | Gained mutation: You are frail (-10% HP). [Xom's mischief]
 18935 | IceCv    | XOM: harmless Summ miscast
 18940 | IceCv    | XOM: polymorph ice beast -> porcupine
 19156 | IceCv    | Noticed Schimscham's ghost (journeyman GrFi)
 19210 | IceCv    | XOM: summons 4 hostile demons
 19217 | IceCv    | XOM: polymorph red devil -> orange demon
 19312 | IceCv    | Killed Schimscham's ghost
 19451 | Lair:3   | Reached skill level 5 in Translocations
 19538 | Lair:3   | Noticed Nergalle
 19544 | Lair:3   | Killed Nergalle
 19544 | Lair:3   | Reached skill level 15 in Stealth
 19680 | Lair:3   | XOM: give mutation
 19680 | Lair:3   | Gained mutation: You occasionally shout uncontrollably at your foes. [Xom's mischief]
 19701 | Lair:3   | XOM: noise
 19713 | Lair:3   | XOM: confusion
 19718 | Lair:3   | XOM: destruction
 19789 | Lair:3   | XOM: mild Erth miscast
 20090 | Lair:4   | XOM: noise
 20315 | Lair:4   | XOM: noise
 20385 | Lair:4   | Found a staircase to the Swamp.
 20394 | Lair:4   | XOM: blink monster(s)
 20609 | Lair:4   | XOM: medium Pois miscast
 20693 | Swamp:1  | Entered Level 1 of the Swamp
 20723 | Lair:5   | XOM: mild Pois miscast
 20734 | Lair:5   | XOM: confuse monster(s)
 20737 | Lair:5   | XOM: enchant monster (good)
 20903 | Lair:5   | Noticed Snorg
 20956 | Lair:5   | Killed Snorg
 21163 | Lair:5   | XOM: polymorph basilisk -> naga
 21178 | Lair:5   | XOM: summons friendly ufetubus
 21209 | Lair:5   | Found a hole to the Spider Nest.
 21507 | Lair:5   | Reached skill level 10 in Evocations
 21533 | Lair:5   | XOM: enchant monster (bad)
 21536 | Lair:5   | Reached XP level 14. HP: 61/63 MP: 28/28
 21559 | Lair:5   | XOM: give mutations
 21559 | Lair:5   | Gained mutation: You passively map a small area around you. [Xom's grace]
 21559 | Lair:5   | Gained mutation: Your flesh is cold resistant. [Xom's grace]
 21559 | Lair:5   | Gained mutation: You are partially covered in thin metallic scales (AC +2). [Xom's grace]
 21559 | Lair:5   | Gained mutation: You are partially covered in large bone plates (AC +2, SH +2). [Xom's grace]
 21665 | Lair:5   | XOM: colour smoke trail
 21696 | Lair:6   | XOM: harmless Necr miscast
 21909 | Lair:6   | Found a staircase to the Slime Pits.
 21917 | Lair:6   | XOM: confuse monster(s)
 21999 | Lair:6   | XOM: divine lightning (protected)
 22016 | Lair:6   | XOM: 5-stop teleportation journey
 22086 | Lair:6   | Learned a level 2 spell: Shroud of Golubria
 22127 | Lair:6   | XOM: smoke on damage
 22241 | Lair:6   | XOM: confuse monster(s)
 22743 | Lair:7   | XOM: mild Air miscast
 22758 | Lair:7   | XOM: harmless Summ miscast
 22817 | Lair:7   | XOM: god gift: 7 poisoned tomahawks
 22850 | Lair:7   | XOM: polymorph seven-headed hydra -> satyr
 23101 | Lair:7   | XOM: polymorph elephant -> ghost crab
 23114 | Lair:7   | XOM: smoke on damage
 23122 | Lair:7   | XOM: summons friendly iron imp
 23200 | Lair:7   | XOM: god gift: weird runed staff {god gift}
 23230 | Lair:7   | XOM: summons friendly white imp
 23256 | Lair:7   | XOM: summons 4 friendly demons
 23349 | Lair:7   | XOM: confusion (+ monsters)
 23404 | Lair:7   | XOM: polymorph elephant -> snapping turtle
 23405 | Lair:7   | XOM: potion effect (invisibility)
 23540 | Lair:7   | XOM: divination: detect creatures
 23579 | Lair:7   | Reached skill level 5 in Transmutations
 23598 | Lair:7   | XOM: potion effect (agility)
 23735 | Lair:7   | XOM: potion effect (berserk rage)
 23744 | Lair:7   | XOM: divination: magic mapping
 23805 | Lair:7   | Found a sparkling altar of Nemelex Xobeh.
 23950 | Lair:5   | XOM: potion effect (berserk rage)
 24124 | Orc:1    | Entered Level 1 of the Orcish Mines
 24148 | Orc:1    | XOM: potion effect (berserk rage)
 24185 | Orc:1    | XOM: harmless Pois miscast
 24237 | Orc:1    | Found a roughly hewn altar of Beogh.
 24242 | Orc:1    | XOM: harmless Trmt miscast
 24265 | Orc:1    | XOM: divination: detect creatures
 24392 | Orc:1    | XOM: harmless Trmt miscast
 24395 | Orc:1    | XOM: mild Trmt miscast
 24398 | Orc:1    | XOM: cast spell 'Confusing Touch'
 24543 | Orc:1    | Found a roughly hewn altar of Beogh.
 24571 | Orc:1    | XOM: potion effect (might)
 24748 | Orc:1    | XOM: noise
 24791 | Orc:1    | Reached skill level 16 in Stealth
 24997 | Orc:1    | Found a bloodstained altar of Trog.
 25004 | Orc:1    | XOM: divination: detect creatures
 25017 | Orc:1    | XOM: potion effect (curing)
 25020 | Orc:1    | XOM: divination: magic mapping
 25116 | Orc:2    | Entered Level 2 of the Orcish Mines
 25150 | Orc:2    | Reached skill level 15 in Dodging
 25161 | Orc:2    | XOM: harmless Air miscast
 25349 | Orc:2    | XOM: polymorph orc warrior -> swamp drake
 25351 | Orc:2    | XOM: mild Pois miscast
 25568 | Orc:2    | Found Wuga's Antique Weapon Emporium.
 25622 | Orc:2    | Reached skill level 10 in Spellcasting
 25667 | Orc:2    | XOM: potion effect (berserk rage)
 25770 | Orc:2    | XOM: divination: detect creatures
 25819 | Orc:2    | XOM: potion effect (berserk rage)
 25823 | Orc:2    | Found Tuelyfel's Assorted Antiques.
 25841 | Orc:2    | XOM: potion effect (haste)
 25846 | Orc:2    | XOM: potion effect (might)
 25887 | Orc:2    | Found Nulaofukk's Magic Scroll Boutique.
 25889 | Orc:2    | Found Nocenn's Antique Weapon Boutique.
 26028 | Orc:2    | Bought a scroll of identify for 52 gold pieces
 26028 | Orc:2    | Bought a scroll of identify for 52 gold pieces
 26032 | Orc:2    | Bought a scroll labeled VOGENU XOASER for 26 gold pieces
 26038 | Orc:2    | Bought a scroll of vulnerability for 112 gold pieces
 26038 | Orc:2    | Bought a scroll of silence for 112 gold pieces
 26041 | Orc:2    | Bought 3 scrolls of identify for 90 gold pieces
 26041 | Orc:2    | Bought a scroll of identify for 30 gold pieces
 26041 | Orc:2    | Bought a scroll of identify for 30 gold pieces
 26041 | Orc:2    | Bought a scroll of teleportation for 45 gold pieces
 26147 | Orc:2    | XOM: colour smoke trail
 26221 | Orc:2    | Found a staircase to the Elven Halls.
 26236 | Orc:2    | XOM: potion effect (magic)
 26341 | Orc:2    | XOM: divination: detect creatures
 26582 | Lair:1   | Learned a level 3 spell: Dazzling Spray
 26764 | Swamp:1  | Reached XP level 15. HP: 69/69 MP: 30/30
 26790 | Swamp:2  | Noticed a thorn hunter
 26851 | Swamp:1  | XOM: stat loss: -1 Int (21/22)
 27371 | Swamp:1  | XOM: confusion
 27384 | Swamp:1  | Noticed a ghost moth
 27384 | Swamp:1  | an alligator changed into a ghost moth
 27384 | Swamp:1  | XOM: polymorph alligator -> ghost moth
 27387 | Swamp:1  | XOM: noise
 27391 | Swamp:1  | a ghost moth changed into a giant leech
 27921 | Swamp:1  | XOM: 2-stop teleportation journey
 27962 | Swamp:2  | XOM: fake destruction
 28079 | Swamp:2  | XOM: god gift: 28 gold pieces
 28158 | Swamp:2  | Noticed a thorn hunter
 28265 | Spider:1 | Entered Level 1 of the Spider Nest
 28383 | Spider:1 | XOM: polymorph redback -> shining eye
 28541 | Lair:2   | XOM: harmless Erth miscast
 28561 | Lair:1   | XOM: harmless Trmt miscast
 28762 | D:13     | XOM: give mutations
 28762 | D:13     | Lost mutation: You are frail (-10% HP). [Xom's mischief]
 28762 | D:13     | Lost mutation: You occasionally shout uncontrollably at your foes. [Xom's mischief]
 28762 | D:13     | Lost mutation: Armour fits poorly on your strangely shaped body. [Xom's mischief]
 28869 | D:13     | XOM: harmless Air miscast
 28902 | D:13     | XOM: swap monsters
 29244 | D:13     | XOM: summons friendly crimson imp
 29245 | D:13     | XOM: chaos upgrade
 29773 | D:14     | Reached skill level 17 in Stealth
 29995 | D:14     | XOM: enchant monster (good)
 30063 | D:14     | XOM: medium Trmt miscast
 30140 | D:14     | Noticed Urug
 30146 | D:14     | XOM: polymorph wizard -> hell hog
 30162 | D:14     | Killed Urug
 30269 | D:14     | XOM: confusion
 30308 | D:14     | Found a gate to the Vaults.
 30325 | D:14     | XOM: confusion (+ monsters)
 30329 | D:14     | XOM: summons 1 hostile demon
 30389 | D:15     | Entered Level 15 of the Dungeon
 30418 | D:15     | XOM: stat loss: -1 Int (21/22)
 30430 | D:15     | XOM: mild Hex miscast
 30431 | D:15     | XOM: divine lightning (protected)
 30432 | D:15     | XOM: summons friendly shadow imp
 30558 | D:15     | XOM: summons friendly quasit
 30585 | D:15     | XOM: mild Divn miscast
 30637 | D:15     | Gained mutation: Your flesh is heat resistant. [a shining eye]
 30638 | D:15     | XOM: divine lightning
 30838 | D:15     | XOM: vitrification
 30910 | D:15     | XOM: 1-stop teleportation journey
 30914 | D:15     | Found a staircase to the Depths.
 30973 | D:15     | XOM: scenery: create altars
 31035 | D:15     | XOM: give mutations
 31035 | D:15     | Gained mutation: You have an increased reservoir of magic (+10% MP). [Xom's grace]
 31035 | D:15     | Gained mutation: You are covered in fur (AC +1). [Xom's grace]
 31035 | D:15     | Gained mutation: You possess an exceptional clarity of mind. [Xom's grace]
 31142 | D:15     | XOM: scenery: create altars
 31467 | D:12     | XOM: god gift: 38 gold pieces
 31494 | D:11     | XOM: vitrification
 31629 | Lair:8   | Entered Level 8 of the Lair of Beasts
 31660 | Lair:8   | XOM: enchant monster (good)
 31717 | Lair:8   | XOM: summons 3 friendly demons
 31828 | Lair:8   | XOM: 3-stop teleportation journey
 31903 | Lair:8   | XOM: enchant monster (good)
 31918 | Lair:8   | XOM: polymorph river rat -> giant newt
 31920 | Lair:8   | XOM: polymorph blink frog -> ice beast
 31964 | Lair:8   | Reached XP level 16. HP: 79/83 MP: 27/35
 31975 | Lair:8   | XOM: summons 8 hostile demons
 31979 | Lair:8   | XOM: scenery: create altars
 31982 | Lair:8   | XOM: scenery: create altars
 32011 | Lair:8   | XOM: potion effect (agility)
 32015 | Lair:8   | XOM: 1-stop teleportation journey
 32197 | Lair:8   | XOM: medium Pois miscast
 32276 | Lair:8   | XOM: divination: magic mapping
 32308 | Lair:8   | XOM: harmless Hex miscast
 32334 | Lair:8   | XOM: potion effect (invisibility)
 32337 | Lair:8   | XOM: silly message
 32339 | Lair:8   | XOM: harmless Necr miscast
 32345 | Lair:8   | XOM: potion effect (invisibility)
 32351 | Lair:8   | XOM: divination: detect creatures
 32355 | Lair:8   | XOM: harmless Divn miscast
 32399 | Lair:8   | XOM: harmless Necr miscast
 32489 | Lair:8   | Lost mutation: You have an increased reservoir of magic (+10% MP). [mutagenic glow]
 32610 | Lair:8   | XOM: summons 8 hostile demons
 32704 | Lair:8   | XOM: noise
 32763 | Lair:8   | Reached skill level 18 in Stealth
 33000 | Lair:8   | XOM: polymorph water moccasin -> blink frog
 33172 | Lair:8   | XOM: severe Divn miscast
 33240 | Lair:8   | XOM: confuse monster(s)
 33255 | Lair:8   | XOM: noise
 33278 | Lair:8   | XOM: divination: detect creatures
 33290 | Lair:8   | XOM: summons friendly shadow imp
 33296 | Lair:8   | XOM: harmless Fire miscast
 33387 | Lair:8   | XOM: enchant monster (bad)
 33476 | Lair:8   | XOM: give mutations
 33476 | Lair:8   | Gained mutation: Your flesh is very heat resistant. [Xom's grace]
 33476 | Lair:8   | Gained mutation: Your spells are a little harder to cast, but a little more powerful. [Xom's grace]
 33476 | Lair:8   | Gained mutation: You evolve. [Xom's grace]
 33476 | Lair:8   | Gained mutation: You have large cloven feet. [Xom's grace]
 33540 | Lair:8   | XOM: confuse monster(s)
 33581 | Lair:8   | Lost mutation: You possess an exceptional clarity of mind. [evolution]
 33657 | Lair:8   | XOM: summons 8 friendly demons
 33938 | Swamp:1  | Learned a level 3 spell: Confuse
 33945 | Swamp:1  | Learned a level 3 spell: Gell's Gravitas
 33949 | Swamp:1  | Learned a level 3 spell: Teleport Other
 33976 | Swamp:2  | XOM: fog
 34022 | Swamp:2  | XOM: 2-stop teleportation journey
 34090 | Swamp:1  | XOM: mild Erth miscast
 34390 | Depths:1 | Entered Level 1 of the Depths
 34416 | Depths:1 | Found a magical portal.
 34416 | Depths:1 | Found a gateway to Hell.
 34416 | Depths:1 | XOM: 7-stop teleportation journey
 34511 | WizLab   | Entered Doroklohe's Tomb
 34833 | WizLab   | XOM: scenery: 1 doors close
 34850 | WizLab   | XOM: confuse monster(s)
 34863 | WizLab   | Noticed an ancient lich
 35028 | WizLab   | XOM: vitrification
 35086 | WizLab   | XOM: fake destruction
 35093 | WizLab   | XOM: summons 14 friendly demons
 35120 | Depths:1 | XOM: scenery: 3 doors open
 35134 | Depths:1 | XOM: enchant monster (good)
 35195 | Depths:1 | Noticed a lich
 35229 | D:15     | XOM: scenery: 3 doors close
 35500 | Spider:1 | XOM: enchant monster (good)
 35546 | Spider:1 | XOM: fog
 35569 | Spider:1 | XOM: noise
 35601 | Spider:1 | XOM: potion effect (haste)
 35894 | Spider:1 | XOM: confuse monster(s)
 35928 | Spider:1 | XOM: silly message
 35966 | Spider:1 | XOM: summons 11 friendly demons
 36128 | Spider:1 | XOM: 3-stop teleportation journey
 36209 | Spider:1 | XOM: god gift: ring of intelligence {god gift}
 36298 | Spider:2 | XOM: swap monsters
 36313 | Spider:2 | XOM: smoke on damage
 36547 | Spider:2 | XOM: 3-stop teleportation journey
 36609 | Spider:2 | Reached XP level 17. HP: 87/87 MP: 34/34
 36622 | Spider:2 | XOM: scenery: create altars
 36786 | Spider:2 | Noticed Arachne
 36802 | Spider:2 | Killed Arachne
 36892 | Spider:2 | XOM: give mutation
 36892 | Spider:2 | Lost mutation: You are weak. (Str -2) [Xom's grace]
 36900 | Spider:2 | XOM: harmless Fire miscast
 37126 | Spider:2 | XOM: 7-stop teleportation journey
 37250 | Spider:2 | Reached skill level 10 in Fighting
 37509 | Spider:3 | XOM: potion effect (haste)
 37526 | Spider:3 | XOM: swap monsters
 37632 | Spider:3 | XOM: noise
 37662 | Spider:2 | XOM: harmless Fire miscast
 37804 | Spider:2 | XOM: destruction
 37817 | Spider:2 | XOM: confusion
 37830 | Spider:2 | XOM: confuse monster(s)
 37995 | Spider:3 | XOM: swap monsters
 38209 | Spider:3 | XOM: noise
 38321 | Spider:3 | XOM: medium Trmt miscast
 38349 | Spider:4 | Entered Level 4 of the Spider Nest
 38455 | Spider:4 | Reached skill level 19 in Stealth
 38597 | Spider:4 | XOM: confuse monster(s)
 38707 | Spider:4 | XOM: summons 5 friendly demons
 38719 | Spider:4 | XOM: confuse monster(s)
 38762 | Spider:4 | XOM: silly message
 38769 | Spider:4 | XOM: divination: detect items
 38797 | Spider:4 | XOM: cast spell 'Call Canine Familiar'
 38809 | Spider:4 | XOM: summons 7 friendly demons
 38812 | Spider:4 | XOM: noise
 39172 | Spider:4 | XOM: fake destruction
 39303 | Spider:4 | XOM: summons friendly white imp
 39304 | Spider:4 | XOM: potion effect (berserk rage)
 39359 | Spider:4 | XOM: divination: detect creatures
 39419 | Spider:4 | XOM: confusion
 39433 | Spider:4 | XOM: harmless Necr miscast
 39435 | Spider:4 | XOM: harmless Conj miscast
 39436 | Spider:4 | XOM: 1-stop teleportation journey
 39518 | Spider:4 | XOM: mild Hex miscast
 39956 | Spider:4 | Gained mutation: Your mind is acute. (Int +2) [evolution]
 40023 | Spider:4 | XOM: scenery: 5 doors close
 40090 | Spider:4 | XOM: cast spell 'Spider Form'
 40110 | Spider:4 | XOM: fake destruction
 40277 | Spider:4 | XOM: enchant monster (bad)
 40357 | Spider:4 | XOM: harmless Chrm miscast
 40392 | Spider:4 | XOM: cast spell 'Summon Ice Beast'
 40529 | Spider:4 | XOM: potion effect (brilliance)
 40532 | Spider:4 | XOM: silly message
 40573 | Spider:4 | XOM: cast spell 'Leda's Liquefaction'
 40644 | Spider:4 | Got a gossamer rune of Zot
 40656 | Spider:4 | XOM: mild Summ miscast
 40687 | Spider:4 | Reached XP level 18. HP: 94/94 MP: 36/36
 40846 | Swamp:1  | XOM: god gift: hunting sling {god gift}
 41371 | Swamp:2  | XOM: polymorph shambling mangrove -> death cob
 41426 | Swamp:2  | XOM: mild Divn miscast
 41600 | Swamp:3  | Noticed Donald
 41622 | Swamp:3  | Killed Donald
 41639 | Swamp:3  | XOM: give mutations
 41639 | Swamp:3  | Gained mutation: You possess an exceptional clarity of mind. [Xom's grace]
 41639 | Swamp:3  | Gained mutation: Your mind is very acute. (Int +4) [Xom's grace]
 41639 | Swamp:3  | Gained mutation: Your flesh is almost immune to the effects of heat. [Xom's grace]
 41639 | Swamp:3  | Gained mutation: You have a pair of small horns on your head. [Xom's grace]
 42136 | Swamp:3  | XOM: enchant monster (bad)
 42638 | Swamp:4  | Entered Level 4 of the Swamp
 42638 | Swamp:4  | Noticed Jorgrun
 42644 | Swamp:4  | Killed Jorgrun
 42644 | Swamp:4  | Reached skill level 1 in Shields
 42644 | Swamp:4  | Reached skill level 15 in Hexes
 42649 | Swamp:4  | Noticed GordonOverkill's ghost (adept MiBe)
 42661 | Swamp:4  | XOM: harmless Trmt miscast
 42668 | Swamp:4  | Killed GordonOverkill's ghost
 42698 | Swamp:4  | XOM: give mutations
 42698 | Swamp:4  | Lost mutation: You have large cloven feet. [Xom's mischief]
 42698 | Swamp:4  | Lost mutation: Your flesh is almost immune to the effects of heat. [Xom's mischief]
 42698 | Swamp:4  | Lost mutation: You possess an exceptional clarity of mind. [Xom's mischief]
 42913 | Swamp:4  | XOM: enchant monster (good)
 42924 | Swamp:4  | XOM: polymorph six-headed hydra -> giant leech
 42950 | Swamp:4  | Reached skill level 20 in Stealth
 42999 | Swamp:4  | XOM: enchant monster (good)
 43021 | Swamp:4  | XOM: noise
 43041 | Swamp:4  | XOM: mild Chrm miscast
 43048 | Swamp:4  | XOM: scenery: create altars
 43084 | Swamp:4  | XOM: cast spell 'Leda's Liquefaction'
 43103 | Swamp:4  | XOM: confuse monster(s)
 43105 | Swamp:4  | XOM: divination: detect items
 43260 | Swamp:4  | XOM: 1-stop teleportation journey
 43313 | Swamp:4  | XOM: 4-stop teleportation journey
 43451 | Swamp:4  | Got a decaying rune of Zot
 43504 | Swamp:4  | Noticed Kirke
 43515 | Swamp:4  | XOM: confuse monster(s)
 43516 | Swamp:4  | Killed Kirke
 43927 | Swamp:4  | XOM: scenery: create altars
 44157 | Swamp:4  | XOM: blink monster(s)
 44273 | Lair:6   | XOM: summons 8 friendly demons
 44308 | Lair:6   | XOM: summons friendly shadow imp
 44762 | Vaults:1 | Entered Level 1 of the Vaults
 44918 | Vaults:1 | Identified a scroll of acquirement
 44922 | Vaults:1 | Identified the Grimoire of Bewitchment (You acquired it on level 1 of the Vaults)
 44929 | Vaults:1 | Learned a level 5 spell: Yara's Violent Unravelling
 44978 | Vaults:1 | XOM: scenery: create altars
 45027 | Vaults:1 | XOM: cast spell 'Summon Butterflies'
 45028 | Vaults:1 | XOM: cast spell 'Hydra Form'
 45194 | Vaults:1 | XOM: mild Summ miscast
 45275 | Vaults:1 | XOM: cast spell 'Summon Butterflies'
 45280 | Vaults:1 | XOM: harmless Conj miscast
 45290 | Vaults:1 | XOM: harmless Air miscast
 45304 | Vaults:1 | XOM: divination: magic mapping
 45376 | Vaults:1 | XOM: divination: detect creatures
 45389 | Vaults:1 | XOM: enchant monster (bad)
 45445 | Vaults:1 | XOM: destruction
 45645 | Vaults:1 | XOM: noise
 45663 | Vaults:1 | Reached XP level 19. HP: 71/99 MP: 38/38
 45683 | Vaults:1 | XOM: severe Hex miscast
 45699 | Vaults:1 | XOM: chaos upgrade
 45719 | Vaults:1 | XOM: stat loss: -1 Str (4/5)
 45725 | Vaults:1 | Reached skill level 15 in Short Blades
 45726 | Vaults:1 | XOM: summons 7 friendly demons
 45965 | Vaults:1 | XOM: harmless Conj miscast
 46057 | Vaults:1 | XOM: summons 3 hostile demons
 46059 | Vaults:1 | XOM: stat loss: -1 Int (25/26)
 46066 | Vaults:1 | XOM: blink monster(s)
 46201 | Vaults:1 | XOM: summons friendly crimson imp
 46224 | Vaults:1 | XOM: scenery: 3 doors close
 46291 | Vaults:1 | XOM: polymorph crimson imp -> iron imp
 46744 | Vaults:1 | Reached skill level 21 in Stealth
 46815 | Vaults:1 | Found a portal to a secret trove of treasure.
 46979 | Vaults:2 | XOM: enchant monster (bad)
 47021 | Vaults:2 | XOM: summons 3 friendly demons
 47031 | Vaults:2 | XOM: polymorph vault warden -> dire elephant
 47126 | Vaults:2 | XOM: give mutations
 47126 | Vaults:2 | Gained mutation: You have a pair of horns on your head. [Xom's grace]
 47126 | Vaults:2 | Gained mutation: You are resistant to hostile enchantments. [Xom's grace]
 47126 | Vaults:2 | Gained mutation: You have a pair of large horns on your head. [Xom's grace]
 47126 | Vaults:2 | Gained mutation: You are agile. (Dex +2) [Xom's grace]
 47205 | Vaults:2 | XOM: god gift: hunting sling {god gift}
 47210 | Vaults:2 | Found Forecviga's Jewellery Boutique.
 47233 | Vaults:2 | Noticed Saint Roka
 47235 | Vaults:2 | XOM: divination: detect items
 47254 | Vaults:2 | Killed Saint Roka
 47335 | Vaults:2 | Bought the ring "Pulephe" {rPois rC+ Str+2 Slay+5} for 947 gold pieces
 47335 | Vaults:2 | Bought the ring "Qosteduj" {+Inv rElec rC+ Str+2 Int-2} for 500 gold pieces
 47344 | Vaults:2 | Bought an uncursed ring of resist corrosion for 320 gold pieces
 47344 | Vaults:2 | Bought an uncursed ring of positive energy for 320 gold pieces
 47773 | Vaults:2 | XOM: colour smoke trail
 47879 | Vaults:2 | Noticed Margery
 47939 | Vaults:2 | XOM: fog
 47948 | Vaults:2 | Killed Margery
 48054 | Vaults:2 | XOM: enchant monster (good)
 48060 | Vaults:2 | XOM: enchant monster (good)
 48336 | Vaults:2 | XOM: harmless Hex miscast
 48440 | Vaults:2 | XOM: summons 2 friendly demons
 48516 | Vaults:2 | Reached skill level 5 in Shields
 48651 | Vaults:2 | XOM: silly message
 48776 | Vaults:2 | Found a staircase to the Crypt.
 48783 | Vaults:2 | XOM: fog
 48784 | Vaults:2 | XOM: summons 14 friendly demons
 48790 | Vaults:2 | XOM: butterfly on damage
 48966 | Vaults:2 | XOM: enchant monster (good)
 49423 | Vaults:3 | XOM: chaos upgrade
 49441 | Vaults:3 | Reached XP level 20. HP: 95/105 MP: 31/39
 49456 | Vaults:3 | XOM: polymorph death knight -> sea snake
 49760 | Vaults:3 | XOM: severe Conj miscast
 49770 | Vaults:3 | XOM: divination: detect items
 49916 | Vaults:3 | Got a brightly glowing bone ring
 49919 | Vaults:3 | Identified the ring of Nex Weas {*Corrode rPois rF+ Str+6 Stlth+} (You found it on level 3 of the Vaults)
 49937 | Vaults:3 | XOM: noise
 49952 | Vaults:3 | XOM: enchant monster (bad)
 49955 | Vaults:3 | XOM: swap monsters
 50137 | Vaults:3 | XOM: chaos upgrade
 50230 | Vaults:3 | XOM: stat loss: -1 Dex (23/24)
 50511 | Vaults:3 | XOM: give mutation
 50511 | Vaults:3 | Lost mutation: Your spells are a little harder to cast, but a little more powerful. [Xom's mischief]
 50681 | Vaults:3 | XOM: swap monsters
 50792 | Vaults:3 | XOM: fake destruction
 50796 | Vaults:3 | XOM: god gift: 24 bolts
 50945 | Vaults:3 | XOM: polymorph ettin -> griffon
 51000 | Vaults:3 | XOM: cast spell 'Death Channel'
 51015 | Vaults:3 | Reached skill level 22 in Stealth
 51079 | Vaults:3 | XOM: destruction
 51115 | Vaults:3 | Reached skill level 15 in Spellcasting
 51125 | Vaults:3 | XOM: enchant monster (good)
 51425 | Vaults:3 | XOM: polymorph ironheart preserver -> queen ant
 51468 | Vaults:3 | XOM: summons 1 hostile demon
 51639 | Vaults:3 | Found a radiant altar of Vehumet.
 51688 | Vaults:3 | Got a twisted hat
 51689 | Vaults:3 | Identified the +2 hat of Valour {Regen+} (You found it on level 3 of the Vaults)
 52065 | Vaults:4 | XOM: harmless Chrm miscast
 52116 | Vaults:4 | Gained mutation: Your spells are a little harder to cast, but a little more powerful. [evolution]
 52131 | Vaults:4 | XOM: 2-stop teleportation journey
 52219 | Vaults:4 | XOM: summons 2 friendly demons
 52221 | Vaults:4 | XOM: cast spell 'Summon Butterflies'
 52382 | Vaults:4 | XOM: god gift: embroidered hat {god gift}
 52766 | Vaults:4 | XOM: summons friendly iron imp
 52884 | Vaults:4 | Found Icill's Assorted Antiques.
 52903 | Vaults:4 | XOM: destruction
 52911 | Vaults:4 | XOM: divination: detect creatures
 52918 | Vaults:4 | XOM: divination: detect creatures
 52920 | Vaults:4 | XOM: noise
 52933 | Vaults:4 | XOM: fog
 52964 | Vaults:4 | XOM: noise
 52965 | Vaults:4 | XOM: harmless Ice miscast
 53190 | Vaults:4 | XOM: polymorph vault warden -> frost giant
 53209 | Vaults:4 | XOM: give mutation
 53209 | Vaults:4 | Lost mutation: Your mind is very acute. (Int +4) [Xom's mischief]
 53228 | Vaults:4 | XOM: summons 1 hostile demon
 53320 | Vaults:4 | Bought a scroll of identify for 50 gold pieces
 53320 | Vaults:4 | Bought a potion of haste for 250 gold pieces
 53323 | Vaults:4 | Bought a leatherbound book for 375 gold pieces
 53332 | Vaults:4 | Found Douvahi's Weapon Shoppe.
 53367 | Vaults:4 | XOM: colour smoke trail
 53401 | Vaults:4 | XOM: stat loss: -1 Int (20/21)
 53404 | Vaults:4 | XOM: enchant monster (bad)
 53425 | Vaults:4 | XOM: chaos upgrade
 53502 | Vaults:4 | XOM: mild Air miscast
 53522 | Vaults:4 | XOM: polymorph salamander stormcaller -> quicksilver dragon
 53524 | Vaults:4 | Noticed a golden dragon
 53524 | Vaults:4 | a quicksilver dragon changed into a golden dragon
 53524 | Vaults:4 | XOM: polymorph quicksilver dragon -> golden dragon
 53536 | Vaults:4 | XOM: enchant monster (bad)
 53537 | Vaults:4 | XOM: summons 2 hostile shadow creatures
 53553 | Vaults:4 | XOM: noise
 53588 | Vaults:4 | XOM: enchant monster (good)
 53667 | Vaults:4 | a golden dragon changed into a fire dragon
 53873 | Vaults:4 | XOM: harmless Chrm miscast
 54157 | Vaults:5 | Entered Level 5 of the Vaults
 54279 | Vaults:3 | XOM: fake destruction
 54292 | Vaults:3 | XOM: polymorph deep elf annihilator -> apis
 54300 | Vaults:3 | Reached XP level 21. HP: 110/110 MP: 39/41
 54300 | Vaults:3 | XOM: enchant monster (bad)
 54302 | Vaults:3 | XOM: summons friendly crimson imp
 54338 | Vaults:3 | XOM: colour smoke trail
 54434 | Vaults:2 | XOM: confuse monster(s)
 54509 | D:14     | XOM: scenery: 3 fountains blood, 2 doors close
 54737 | Depths:1 | XOM: destruction
 54769 | Depths:1 | XOM: 1-stop teleportation journey
 54787 | Depths:1 | XOM: cast spell 'Ring of Flames'
 54792 | Depths:1 | XOM: enchant monster (good)
 54990 | Depths:1 | XOM: enchant monster (good)
 54991 | Depths:1 | XOM: confuse monster(s)
 55046 | Depths:1 | XOM: divination: detect creatures
 55076 | Depths:1 | XOM: smoke on damage
 55087 | Depths:1 | Noticed Norris
 55307 | Depths:1 | XOM: polymorph yaktaur -> boulder beetle
 55498 | Depths:2 | XOM: polymorph ogre mage -> lindwurm
 55653 | Depths:1 | XOM: cast spell 'Cause Fear'
 55664 | Depths:1 | XOM: scenery: 2 doors open, 1 doors close
 55665 | Depths:1 | XOM: butterfly on damage
 55683 | Depths:1 | Reached skill level 23 in Stealth
 55767 | Depths:2 | Found a gateway to a ziggurat.
 56156 | Vaults:4 | XOM: polymorph orc knight -> merfolk
 56317 | Crypt:1  | Entered Level 1 of the Crypt
 56555 | Crypt:1  | XOM: enchant monster (good)
 56564 | Crypt:1  | XOM: 6-stop teleportation journey
 56757 | Crypt:1  | Reached skill level 15 in Evocations
 56968 | Crypt:1  | XOM: divination: magic mapping
 57086 | Crypt:1  | XOM: summons friendly sixfirhy
 57092 | Crypt:1  | XOM: god gift: 8 royal jellies
 57103 | Crypt:1  | XOM: 1-stop teleportation journey
 57277 | Crypt:1  | XOM: vitrification
 57339 | Crypt:1  | XOM: divination: detect items
 57347 | Crypt:1  | XOM: blink monster(s)
 57353 | Crypt:1  | XOM: summons friendly ufetubus
 57448 | Crypt:1  | XOM: god gift: 18 stones
 57569 | Crypt:1  | XOM: mild Fire miscast
 57642 | Crypt:1  | XOM: enchant monster (good)
 57682 | Crypt:1  | XOM: confuse monster(s)
 58000 | Crypt:1  | XOM: noise
 58431 | Crypt:2  | XOM: vitrification
 58439 | Crypt:2  | XOM: cast spell 'Excruciating Wounds'
 58695 | Crypt:2  | XOM: 3-stop teleportation journey
 58771 | Crypt:2  | XOM: confuse monster(s)
 59124 | Crypt:3  | Entered Level 3 of the Crypt
 59428 | Crypt:3  | XOM: medium Divn miscast
 59498 | Crypt:3  | XOM: confuse monster(s)
 59565 | Crypt:3  | XOM: god gift: 14 gold pieces
 59614 | Crypt:3  | Noticed Jory
 59622 | Crypt:3  | Killed Jory
 59665 | Crypt:3  | Noticed Sojobo
 59689 | Crypt:3  | XOM: smoke on damage
 59692 | Crypt:3  | XOM: butterfly on damage
 59714 | Crypt:3  | XOM: cast spell 'Ice Form'
 59716 | Crypt:3  | XOM: cast spell 'Confusing Touch'
 59939 | Crypt:3  | XOM: harmless Chrm miscast
 60073 | Crypt:3  | XOM: harmless Air miscast
 60280 | Crypt:3  | Found a staircase to the Tomb.
 60286 | Crypt:3  | XOM: destruction
 60291 | Crypt:3  | XOM: harmless Tloc miscast
 60357 | Crypt:3  | XOM: severe Divn miscast
 60425 | Crypt:3  | XOM: chaos cloud
 60545 | Crypt:3  | Identified the Compendium of Frigorific Transmutation (You found it on level 3 of the Crypt)
 60565 | Crypt:3  | XOM: draining
 60575 | Crypt:3  | XOM: harmless Divn miscast
 60851 | Crypt:3  | XOM: severe Erth miscast
 60867 | Crypt:3  | XOM: noise
 60870 | Crypt:3  | XOM: cast spell 'Hydra Form'
 60874 | Crypt:3  | Killed Sojobo
 60874 | Crypt:3  | Reached XP level 22. HP: 59/116 MP: 39/42
 60907 | Crypt:3  | Lost mutation: Your flesh is very heat resistant. [evolution]
 61068 | Crypt:3  | XOM: divination: detect items
 61070 | Crypt:3  | Found an ancient bone altar of Kikubaaqudgha.
 61082 | Crypt:3  | XOM: potion effect (agility)
 61138 | Crypt:3  | XOM: enchant monster (bad)
 61141 | Crypt:3  | XOM: summons friendly ufetubus
 61145 | Crypt:3  | XOM: confuse monster(s)
 61346 | Crypt:3  | Noticed an ancient lich
 61346 | Crypt:3  | Noticed an ancient lich
 61393 | Crypt:3  | XOM: cast spell 'Summon Dragon'
 61406 | Crypt:3  | XOM: god gift: potion of brilliance
 61411 | Crypt:3  | XOM: summons friendly orange demon
 61416 | Crypt:3  | Killed an ancient lich
 61445 | Crypt:3  | Killed an ancient lich
 61568 | Crypt:3  | XOM: scenery: 1 doors close
 61718 | Crypt:3  | XOM: swap monsters
 61733 | Crypt:3  | XOM: god gift: scroll of recharging
 61783 | Crypt:3  | XOM: swap monsters
 61942 | Crypt:3  | Reached skill level 24 in Stealth
 61972 | Crypt:3  | Identified a +4 rod of clouds (10/10) (You found it on level 3 of the Crypt)
 62096 | Crypt:3  | XOM: harmless Air miscast
 62105 | Crypt:3  | XOM: cast spell 'Confusing Touch'
 62108 | Crypt:3  | XOM: divination: magic mapping
 62288 | Crypt:3  | XOM: harmless Necr miscast
 62454 | Crypt:3  | XOM: severe Tloc miscast
 62454 | Crypt:3  | Cast into level 4 of the Abyss (the severe capriciousness of Xom)
 62479 | Abyss:4  | Found a corrupted altar of Lugonu.
 62557 | Crypt:3  | Escaped the Abyss
 62558 | Crypt:3  | XOM: smoke on damage
 62640 | Crypt:3  | XOM: give mutations
 62640 | Crypt:3  | Lost mutation: Your flesh is heat resistant. [Xom's mischief]
 62640 | Crypt:3  | Lost mutation: Your mind is acute. (Int +2) [Xom's mischief]
 62640 | Crypt:3  | Lost mutation: Your spells are a little harder to cast, but a little more powerful. [Xom's mischief]
 62640 | Crypt:3  | Gained mutation: You are dopey. (Int -2) [Xom's mischief]
 62654 | Crypt:3  | XOM: summons 7 hostile demons
 62700 | Crypt:3  | XOM: enchant monster (bad)
 62709 | Crypt:3  | XOM: chaos cloud
 62713 | Crypt:3  | XOM: divine lightning (protected)
 62734 | Crypt:3  | XOM: enchant monster (bad)
 62743 | Crypt:3  | XOM: give mutation
 62743 | Crypt:3  | Lost mutation: You are agile. (Dex +2) [Xom's mischief]
 62762 | Crypt:3  | XOM: harmless Tloc miscast
 62954 | Crypt:3  | XOM: chaos cloud
 63047 | Crypt:3  | XOM: scenery: create altars
 63066 | Crypt:3  | XOM: cast spell 'Summon Butterflies'
 63155 | Crypt:3  | Got a shimmering amethyst amulet
 63160 | Crypt:3  | Got a shimmering copper ring
 63160 | Crypt:3  | Got a faintly glowing glass ring
 63162 | Crypt:3  | Identified the ring of the Evil One {*Contam rC++ rN+ MP+9 Stlth+} (You found it on level 3 of the Crypt)
 63164 | Crypt:3  | Identified the amulet "Tunkut" {+Inv Regen+ Int+3} (You found it on level 3 of the Crypt)
 63167 | Crypt:3  | Identified the ring of the Lizard {Fragile rElec rN+ Str+2} (You found it on level 3 of the Crypt)
 63218 | Crypt:3  | Gained mutation: You tend to lose your temper in combat. [mutagenic glow]
 63244 | Crypt:3  | XOM: scenery: create altars
 63326 | Crypt:3  | XOM: 7-stop teleportation journey
 63425 | Crypt:3  | XOM: mild Erth miscast
 63526 | Crypt:2  | XOM: summons friendly iron imp
 63531 | Crypt:2  | XOM: noise
 63557 | Crypt:2  | XOM: confusion (+ monsters)
 63561 | Crypt:2  | XOM: summons 13 friendly demons
 63934 | Elf:1    | Entered Level 1 of the Elven Halls
 64256 | Elf:1    | XOM: noise
 64260 | Elf:1    | XOM: fog
 64266 | Elf:1    | XOM: harmless Fire miscast
 64267 | Elf:1    | XOM: medium Air miscast
 64409 | Elf:1    | XOM: summons 3 friendly demons
 64522 | Elf:1    | XOM: summons 7 friendly demons
 64785 | Elf:1    | XOM: god gift: wand of heal wounds {god gift}
 64825 | Elf:1    | XOM: vitrification
 65017 | Elf:1    | XOM: give mutation
 65017 | Elf:1    | Gained mutation: Your flesh is heat resistant. [Xom's grace]
 65138 | Elf:1    | Identified the Handbook of Creative Confrontation (You found it on level 1 of the Elven Halls)
 65176 | Elf:1    | Learned a level 5 spell: Silence
 65199 | Elf:1    | XOM: god gift: scroll of fear
 65414 | Elf:2    | XOM: fog
 65419 | Elf:2    | Noticed Asterion
 65435 | Elf:2    | Killed Asterion
 65443 | Elf:2    | Found a runed gate.
 65443 | Elf:2    | Found a runed gate.
 65456 | Elf:2    | Found a runed gate.
 65520 | Elf:2    | Noticed Aizul
 65525 | Elf:2    | XOM: divination: detect creatures
 65540 | Elf:2    | Killed Aizul
 65664 | Elf:2    | XOM: divination: detect items
 65679 | Elf:2    | XOM: enchant monster (good)
 65698 | Elf:2    | XOM: summons friendly white imp
 65700 | Elf:2    | XOM: silly message
 65844 | Elf:2    | XOM: give mutations
 65844 | Elf:2    | Lost mutation: You are partially covered in thin metallic scales (AC +2). [Xom's mischief]
 65844 | Elf:2    | Lost mutation: You are dopey. (Int -2) [Xom's mischief]
 65947 | Elf:2    | XOM: chaos upgrade
 65971 | Elf:2    | XOM: cast spell 'Confusing Touch'
 65980 | Elf:2    | XOM: smoke on damage
 65982 | Elf:2    | XOM: cast spell 'Ice Form'
 65990 | Elf:2    | HP: 3/139 [war axe of chopping (16)]
 65990 | Elf:2    | Xom revived you
 65991 | Elf:2    | Mangled by a war axe of chopping

Skill      XL: |  1  2  3  4  5  6  7  8  9 10 11 12 13 14 15 16 17 18 19 20 21 22 |
---------------+-------------------------------------------------------------------+-----
Hexes          | 4 5 6 7 8 10 11 12 13 14 15 16 17 | 17.4
Stealth        | 5 6 7 9 11 12 13 14 15 16 17 18 19 20 21 22 23 24 | 24.4
Spellcasting   | 3 4 5 6 7 8 9 10 11 12 13 14 15 16 | 16.2
Dodging        | 4 5 6 7 8 9 10 12 13 14 15 16 17 18 19 21 22 | 22.6
Throwing       | 1 2 3 4 |  4.0
Short Blades   | 2 3 4 6 7 9 10 11 12 13 14 15 16 | 16.6
Evocations     | 3 5 7 8 9 10 11 12 13 14 15 | 15.9
Fighting       | 1 2 3 4 5 6 7 8 9 10 11 12 | 12.6
Translocations | 3 6 7 |  7.0
Transmutations | 2 4 5 6 |  6.0
Shields        | 3 5 6 8 9 |  9.7

Action                   |  1- 3 |  4- 6 |  7- 9 | 10-12 | 13-15 | 16-18 | 19-21 | 22-24 || total
-------------------------+-------+-------+-------+-------+-------+-------+-------+-------++-------
Melee: Dagger            |   129 |   263 |   419 |   692 |  1464 |  2268 |  2140 |   740 ||  8115
       Unarmed           |       |       |       |       |    25 |    12 |     4 |       ||    41
       Kick              |       |       |       |       |    20 |   374 |       |       ||   394
       Headbutt          |       |       |       |       |       |   122 |   529 |   177 ||   828
 Cast: Corona            |    10 |     8 |     6 |     4 |     7 |       |       |       ||    35
       Ensorcelled Hiber |    10 |    29 |   124 |   140 |   314 |    31 |    15 |       ||   663
       Tukima's Dance    |       |       |     1 |    16 |    17 |     2 |   101 |    10 ||   147
       Invisibility      |       |       |       |     2 |     9 |     4 |       |       ||    15
       Beastly Appendage |       |       |       |     3 |     4 |       |       |       ||     7
       Blink             |       |       |       |       |     3 |       |       |       ||     3
       Passwall          |       |       |       |       |     1 |       |       |       ||     1
       Shroud of Golubri |       |       |       |       |    11 |     1 |     3 |     2 ||    17
       Dazzling Spray    |       |       |       |       |    46 |   102 |     5 |     1 ||   154
       Repel Missiles    |       |       |       |       |     2 |     1 |     4 |     1 ||     8
       Confuse           |       |       |       |       |       |   155 |   123 |     6 ||   284
       Darkness          |       |       |       |       |       |     1 |       |       ||     1
       Gell's Gravitas   |       |       |       |       |       |     3 |     1 |       ||     4
       Yara's Violent Un |       |       |       |       |       |     1 |     4 |     4 ||     9
 Abil: Evoke Invisibilit |       |       |       |       |       |       |       |     1 ||     1
Evoke: Wand              |       |       |    23 |     8 |    29 |     9 |     5 |     7 ||    81
       Rod               |       |       |       |       |       |       |       |     1 ||     1
  Use: Scroll            |     2 |    11 |     9 |    14 |    22 |    20 |    14 |     9 ||   101
       Potion            |       |     9 |       |     4 |     7 |     8 |     3 |     6 ||    37
 Stab: Sleeping          |    19 |    26 |    92 |   107 |   198 |    67 |   105 |    26 ||   640
       Distracted        |       |     1 |     2 |     4 |    14 |    31 |    24 |    11 ||    87
       Confused          |       |       |       |     3 |    20 |   103 |    80 |     8 ||   214
       Invisible         |       |       |       |     8 |    76 |   108 |       |     2 ||   194
       Petrifying        |       |       |       |     1 |     1 |       |       |       ||     2
       Fleeing           |       |       |       |       |       |       |     1 |       ||     1
       Paralysed         |       |       |       |       |       |       |     1 |       ||     1
       Petrified         |       |       |       |       |       |       |     1 |       ||     1
  Eat: Fruit             |       |     2 |     6 |     1 |     8 |    17 |     2 |     4 ||    40
       Pizza             |       |     1 |       |     4 |     5 |       |       |       ||    10
       Royal jelly       |       |       |     1 |       |     1 |     2 |     7 |     3 ||    14
       Bread ration      |       |       |       |       |     1 |       |       |       ||     1
Armor: Robe              |     8 |    16 |    17 |    24 |    83 |   175 |    68 |    30 ||   421
       Skin              |       |       |       |       |    11 |       |     3 |       ||    14
Dodge: Dodged            |    80 |   210 |   370 |   495 |  1203 |  2187 |   970 |   362 ||  5877
       Deflected         |       |       |       |       |     7 |       |    20 |       ||    27
Block: Other             |       |       |       |       |    55 |   102 |       |       ||   157
       Buckler           |       |       |       |       |       |   177 |   619 |   223 ||  1019
